 Dungeon Crawl Stone Soup version 0.21-a0-150-gc243083 (webtiles) character file.

56 Duffy the Magician (level 3, 0/28 HPs)
             Began as a Deep Elf Earth Elementalist on July 29, 2017.
             Slain by Ijyb
             ... wielding a +0 club
              (2 damage)
             ... on level 3 of the Dungeon.
             The game lasted 00:02:42 (1644 turns).

Duffy the Magician (Deep Elf Earth Elementalist)    Turns: 1644, Time: 00:02:43

Health: 0/28       AC: 21    Str:  5    XL:     3   Next: 69%
Magic:  3/10       EV:  2    Int: 20    God:
Gold:   57         SH:  0    Dex: 15    Spells: 4/10 levels left

rFire    . . .     SeeInvis .   (no weapon)
rCold    . . .     Gourm    .   (no shield)
rNeg     + + +     Faith    .   (armour currently unavailable)
rPois    +         Spirit   .   (helmet currently unavailable)
rElec    .         Reflect  .   (cloak currently unavailable)
rCorr    .         Harm     .   (gloves currently unavailable)
MR       .....     NoTele   +   (boots currently unavailable)
Stlth    ++........             (no amulet)
HPRegen  0.09/turn              (no ring)
MPRegen  0.12/turn              (no ring)

@: tree-form (expiring), very slightly contaminated, hasted, very quick
A: no striking features
a: no special abilities


You were on level 3 of the Dungeon.
You were not hungry.
You were a tree.
You visited 1 branch of the dungeon, and saw 3 of its levels.

You collected 57 gold pieces.

Inventory:

Missiles
 b - 71 stones (quivered)
Armour
 c - a +0 robe (melded)
 i - a +1 hat (melded)
Scrolls
 f - 3 scrolls of identify {unknown}
 h - a scroll of amnesia {unknown}
 j - a scroll of remove curse {unknown}
Books
 e - a book of Geomancy

   Spells                             Type                      Level
   a - Sandblast                      Earth                        1
   b - Passwall                       Transmutation/Earth          2
   c - Stone Arrow                    Conjuration/Earth            3
   d - Petrify                        Transmutation/Earth          4
   e - Lee's Rapid Deconstruction     Earth                        5
Comestibles
 d - 2 bread rations
 g - 3 meat rations


   Skills:
 - Level 2.4 Dodging
 - Level 2.4 Stealth
 + Level 4.3 Spellcasting
 + Level 1.0 Conjurations
 - Level 1.1 Transmutations
 + Level 4.1 Earth Magic


You had 4 spell levels left.
You knew the following spells:

 Your Spells              Type           Power        Failure   Level  Hunger
a - Sandblast             Erth           ###...       2%          1    None
c - Stone Arrow           Conj/Erth      ##....       13%         3    ###....
p - Passwall              Tmut/Erth      ##........   6%          2    #......


Dungeon Overview and Level Annotations

Branches:
Dungeon (3/15)

Altars:

Annotations:
D:3 Ijyb


Message History

The goblin hits you but does no damage.
You closely miss Ijyb.
Ijyb is severely wounded.
Ijyb hits you but does no damage. The goblin hits you but does no damage.
You swing at nothing.
Ijyb hits you but does no damage. The goblin hits you but does no damage.
You barely miss Ijyb.
Ijyb is severely wounded.
You completely miss Ijyb.
Ijyb is severely wounded.
The goblin hits you but does no damage.
Ijyb zaps a wand.
You resist with some effort.
You swing at nothing.
The goblin hits you but does no damage.
You hit Ijyb.
Ijyb is almost dead.
Ijyb hits you but does no damage.
You swing at nothing.
You feel less confused. The goblin barely misses you.
Ijyb hits you with a club.
You die...

#.### ...# #. #.######
#. ###......# .##.
#........#
....###.#....#########
###..................
#........##.#........
#.#.#<.......7.......
#..)...####.#gg......
##.#.#.#.##
...#)#######
......)#....####..
..##.#.##### #.. #.#.#
#... # #.. #... ###
.....


You could see Ijyb and a goblin.

Vanquished Creatures
  An adder (D:2)
  An ooze (D:1)
  A worm (D:2)
  3 leopard geckos
  2 giant cockroaches
  5 goblins
  2 hobgoblins
  2 jackals (D:1)
  11 bats
  A frilled lizard (D:1)
  3 kobolds
  4 rats (D:1)
36 creatures vanquished.

Notes
Turn   | Place    | Note
-------+----------+-------------------------------------------
     0 | D:1      | Duffy the Deep Elf Earth Elementalist began the quest for the Orb.
     0 | D:1      | Reached XP level 1. HP: 10/10 MP: 6/6
   398 | D:1      | Reached XP level 2. HP: 15/15 MP: 5/8
   820 | D:1      | Learned a level 2 spell: Passwall
   934 | D:1      | Reached XP level 3. HP: 19/19 MP: 7/10
   989 | D:2      | Learned a level 3 spell: Stone Arrow
  1383 | D:2      | Reached skill level 1 in Conjurations
  1611 | D:3      | Noticed Ijyb
  1632 | D:3      | HP: 1/28 [goblin (2)]
  1644 | D:3      | Slain by Ijyb

Vault maps used:
D:1:      dpeg_arrival_prison, hangedman_decor_riveting,
          hangedman_decor_growths, kennysheep_another_room,
          minmay_misc_feat_doors, minmay_pentomino_q4
D:2:      minmay_tree_intersection, kennysheep_boxes
D:3:      minmay_mini_jars, uniq_terence, uniq_ijyb

Skill      XL: |  1  2  3 |
---------------+----------+-----
Earth Magic    | 4 |  4.1
Spellcasting   | 4 |  4.3
Conjurations   | 1 |  1.0
Dodging        | |  2.4
Stealth        | |  2.4
Transmutations | |  1.1

Action                   || total
-------------------------++-------
Melee: Unarmed           ||    12
 Cast: Sandblast         ||    59
  Use: Potion            ||     2
  Eat: Chunk             ||     2
Armor: Robe              ||     3
       Skin              ||    20
Dodge: Dodged            ||    22
